 Dungeon Crawl Stone Soup version 0.14-a0-181-gf6fe0c6 (webtiles) character file.

364 Malachi the Sneak (level 5, -1/38 HPs)
             Began as a Demonspawn Assassin on Oct 7, 2013.
             Slain by an orc wizard
             ... wielding a +0,+1 orcish flail
              (2 damage)
             ... on Level 3 of the Dungeon.
             The game lasted 00:07:34 (3947 turns).

Malachi the Sneak (Demonspawn Assassin)             Turns: 3947, Time: 00:07:34

HP  -1/38        AC  3     Str 16      XL: 5   Next: 54%
MP   4/4         EV 13     Int 13      God:
Gold 157         SH  0     Dex 15      Spells:  0 memorised,  4 levels left

Res.Fire  : . . .   See Invis. : .   b - +0 blowgun
Res.Cold  : . . .   Warding    : .   c - +0 robe
Life Prot.: . . .   Conserve   : .   (no shield)
Res.Poison: .       Res.Corr.  : .   (no helmet)
Res.Elec. : .       Clarity    : .   o - +0 elf cloak
Sust.Abil.: . .     Spirit.Shd : .   (no gloves)
Res.Mut.  : .       Stasis     : .   (no boots)
Res.Rott. : .       Flight     : .   (no amulet)
Saprovore : . . .                    (no ring)
                                     (no ring)

@: confused, mighty, slightly resistant to hostile enchantments, unstealthy
A: claws 2
a: no special abilities


You were on level 3 of the Dungeon.
You were hungry.

You visited 1 branch of the dungeon, and saw 3 of its levels.

You collected 107 gold pieces.

Inventory:

Hand weapons
 a - a +2,+2 dagger
 b - a +0 blowgun (weapon)
Missiles
 e - 17 poisoned needles (quivered)
 f - 2 curare-tipped needles
Armour
 c - a +0 robe (worn)
 d - a +0 cloak
 o - a +0 elven cloak (worn)
Comestibles
 g - 6 bread rations
 j - a snozzcumber
 s - a meat ration
 C - a rotting chunk of adder flesh
 D - 2 rotting chunks of quokka flesh
 E - a rotting chunk of rat flesh
Scrolls
 h - 2 scrolls of teleportation {unknown}
 n - a scroll of identify {unknown}
 p - a scroll of enchant weapon II {unknown}
 q - 2 scrolls of curse weapon {unknown}
 r - 2 scrolls of fog {unknown}
 t - a scroll of random uselessness {unknown}
 v - a scroll of curse jewellery {unknown}
Jewellery
 u - an uncursed ring of fire {unknown}
Potions
 k - a potion of beneficial mutation {unknown}
 l - 2 potions of curing {unknown}
 m - a potion of resistance {unknown}
 z - a potion of slowing {unknown}


   Skills:
 + Level 2.2 Fighting
 * Level 3.0 Short Blades
 + Level 2.0 Throwing
 + Level 2.7 Dodging
 * Level 4.9 Stealth


You had 4 spell levels left.
You didn't know any spells.

Dungeon Overview and Level Annotations

Branches:
Dungeon (3/27)

Altars:
Okawaru
Sif Muna
Yredelemnul


Innate Abilities, Weirdness & Mutations

You have very sharp fingernails.


Message History

Okay, then.
Wield which item (- for none, * to show all)? (? for menu, Esc to quit)
b - a +0 blowgun (weapon)
Firing (i - inventory. (,) - cycle):
e - 20 poisoned needles (quivered)
Press: ? - help, Shift-Dir - straight line, f - orc
Aim: an orc wearing an orcish leather armour You shoot a poisoned needle.
The poisoned needle hits something.
You hear some strange, mumbled words.
You are confused.
Firing (i - inventory. (,) - cycle):
e - 19 poisoned needles (quivered)
Press: ? - help, Shift-Dir - straight line, p - orc You shoot a poisoned needle.
It hits you!
* * * LOW HITPOINT WARNING * * *
Firing (i - inventory. (,) - cycle):
e - 18 poisoned needles (quivered)
Press: ? - help, Shift-Dir - straight line You shoot a poisoned needle.
It barely misses you.
Drink which item? (? for menu, Esc to quit)
You feel very mighty all of a sudden.
It was a potion of might.
It hits you.
You die...

#................#
#.##############.# #.# #.#
#.# ###### #.# #.#
####....###.# #.#
#........##.# #.#
#.##.....##.# #.#
#.##.....##.# #@#
#.######.##..
##########{####.######.##..
.oo.oo...oo................
#############.#.######.....
...........# #.###.
#######.########.....
#............(....
#.##.#######..#.#. # #.#
#..# ..


You could see 2 orcs.

Vanquished Creatures
  2 orc priests (D:3)
  2 adders
  2 big fish zombies (D:2)
  5 worms
  3 giant geckos
  An ooze (D:2)
  4 orcs (D:3)
  8 bats
  A giant cockroach (D:1)
  7 hobgoblins
  3 jackals (D:1)
  2 quokkas (D:3)
  3 ball pythons
  4 giant newts
  9 goblins
  11 kobolds
  9 rats
76 creatures vanquished.

Notes
Turn   | Place    | Note
--------------------------------------------------------------
     0 | D:1      | Malachi, the Demonspawn Assassin, began the quest for the Orb.
     0 | D:1      | Reached XP level 1. HP: 15/15 MP: 0/0
    98 | D:1      | Reached skill level 1 in Dodging
   198 | D:1      | Gained mutation: You have sharp fingernails. [demonic ancestry]
   198 | D:1      | Reached XP level 2. HP: 21/21 MP: 1/1
   307 | D:1      | Reached skill level 4 in Stealth
   950 | D:1      | Reached XP level 3. HP: 26/26 MP: 2/2
  1669 | D:2      | Found an iron altar of Okawaru.
  1840 | D:2      | Found a deep blue altar of Sif Muna.
  2549 | D:2      | Gained mutation: You have very sharp fingernails. [demonic ancestry]
  2549 | D:2      | Reached XP level 4. HP: 20/33 MP: 3/3
  2578 | D:2      | Found a basalt altar of Yredelemnul.
  3493 | D:3      | Reached XP level 5. HP: 38/38 MP: 4/4
  3945 | D:3      | HP: 1/38 [something (7)]
  3947 | D:3      | Slain by an orc wizard

Action                   |  1- 3 |  4- 6 || total
-------------------------+-------+-------++-------
Melee: Dagger            |   186 |    81 ||   267
       Unarmed           |       |    34 ||    34
 Fire: Blowgun           |     3 |     3 ||     6
Throw: Javelin           |       |    14 ||    14
       Dart              |       |     2 ||     2
  Use: Potion            |       |     1 ||     1
 Stab: Sleeping          |     9 |     4 ||    13
